Unix NetHack Version 5.0.0-0 post-release - last build May 10 2026 23:12:36 (d1fa5d53e341ca933230fdaa984d921c805b60aa,branch:main).

Game began 2026-05-14 07:39:23, ended 2026-05-15 05:32:08.

7spoons, lawful female human Valkyrie

          -------    -----
          |.....|    |...-#############
          |.<...|   #|..!|       ####%
          |.....-####|[..|           )##
          |....)|   #%...| #########)####
          |.....-###)-----%#    #------.------
          -|-----##########     #|C......[..C.
           #######  #  ##########|[....C.f[..|
                    ####        #|...---.-)d.|
               #######          #|...| {.|.).|
               # ##### ##########|..C| .{|C..|
      -------- ###    ##         |...|.{.|...|
      |.......###############0   |...-----...|
      |......|#                  ......C.....|
      |.......#                  |C.........C.
      -------                    -------------

7spoons the Werewolf        St:18 Dx:10 Co:18 In:8 Wi:10 Ch:10  Lawful
Dlvl:8  $:0  HP:0(30) Pw:20(20) AC:4  HD:5 T:7762  FoodPois

Latest messages:
 The large dog bites!
 You miss the large dog.
 The large dog bites!
 The large dog bites!
 You bite the large dog.
 The large dog bites!
 There are several objects here.
 The large dog bites!
 The hill orc zaps a zinc wand!
 The wand hits the hill orc!
 The wand hits the large dog!
 The large dog is killed!
 The wand misses you.
 The hill orc picks up an orcish helm.
 The hill orc zaps a wand of striking!
 The wand hits the hill orc!
 The hill orc is killed!
 The wand misses you.
 The large cat misses the hill orc.
 The hill orc picks up an orcish helm.
 The large cat bites the hill orc.
 The hill orc wields 2 orcish daggers!
 The large cat bites the hill orc.
 The large cat bites the hill orc.
 The hill orc is killed!
 Your large cat eats a hill orc corpse.
 There are several objects here.
 There are several objects here.
 There is a partly eaten hill orc corpse here; eat it? [ynq] (n)
 You resume your meal.
 Your large cat eats a hill orc corpse.
 You finish eating the hill orc corpse.
 There is a partly eaten orc corpse here; eat it? [ynq] (n)
 Ulch - that meat was tainted!
 You feel deathly sick.
 (It must have died too long ago to be safe to eat.)
 There are several objects here.
 Waiting doesn't feel like a good idea right now.
 Waiting doesn't feel like a good idea right now.
 Your sickness feels worse.
 You see here a dagger.
 Your sickness is severe.
 You are at Death's door.
 There are several objects here.
 You die from your illness.
 Do you want your possessions identified? [ynq] (y)
 Do you want to see your attributes? [ynq] (y)
 Do you want an account of creatures vanquished? [ynaq] (y)
 Do you want to see your conduct and achievements? [ynq] (y)
 Do you want to see the dungeon overview? [ynq] (y)

Inventory:
 Weapons  (')')
  b - 10 +0 daggers
 Comestibles  ('%')
  R - an uncursed pancake
  L - 3 uncursed tripe rations
 Scrolls  ('?')
  T - a cursed scroll of charging
  B - an uncursed scroll of destroy armor
  G - 3 uncursed scrolls of identify
  H - an uncursed scroll of identify
 Potions  ('!')
  F - an uncursed potion of full healing
  K - a cursed potion of full healing
  D - an uncursed potion of restore ability
  M - a blessed potion of speed
 Rings    ('=')
  h - an uncursed ring of searching
  E - an uncursed ring of warning
 Wands    ('/')
  g - a wand of make invisible (0:2)
  S - a wand of speed monster (0:4)
  U - a wand of teleportation (0:6)
 Tools    ('(')
  Q - an uncursed blindfold
  i - a cursed lock pick
  e - an uncursed oil lamp
  s - an uncursed stethoscope
  O - an uncursed tin opener
  P - an uncursed towel

7spoons the Valkyrie's attributes:

Background:
 You were in female werewolf form.
 You were actually a Fighter, a level 8 human Valkyrie.
 You were lawful, on a mission for Tyr
 who was opposed by Odin (neutral) and Loki (chaotic).
 You were normally right-handed.
 You were in the Dungeons of Doom, on level 8.
 You entered the dungeon 7762 turns ago.
 It was nighttime.

Basics:
 You had 0 out of 30 hit points.
 You had all 20 energy points (spell power).
 You had 5 hit dice.
 Your armor class was 4.
 Your wallet was empty.
 Autopickup was off.

Final Characteristics:
 Your strength was 18.
 Your dexterity was 10.
 Your constitution was 18.
 Your intelligence was 8.
 Your wisdom was 10.
 Your charisma was 10.

Final Status:
 You were transformed.
 You died from food poisoning.
 You weren't hungry.
 You were unencumbered.
 You weren't wielding anything.
 You were unskilled in bare handed combat.
 You weren't wearing any armor.

Final Attributes:
 You were piously aligned.
 You were cold resistant.
 You were poison resistant.
 You were level-drain resistant.
 You were stealthy.
 You regenerated.
 You were a werewolf in beast form.
 You were harmed by silver.
 You were fast.
 You are dead.

Miscellaneous:
 You didn't encounter any bones levels.
 Total elapsed playing time was 2 hours, 4 minutes and 52 seconds.

Major events:
 Turn
    1: 7spoons the lawful human Valkyrie entered the dungeon
 1054: entered the Gnomish Mines
 1605: attained the rank of Skirmisher (level 3)
 4700: reached Mine Town
 4862: attained the rank of Fighter (level 6)
 7762: poisoned by a rotted orc corpse

You didn't know any spells.

Skills:
 Fighting Skills
   bare handed combat [Unskilled]
   two weapon combat  [Unskilled]
   riding             [Unskilled]
 Weapon Skills
   dagger             [Basic]
   axe                [Unskilled]
   pick-axe           [Unskilled]
   short sword        [Unskilled]
   broadsword         [Unskilled]
   long sword         [Unskilled]
   two-handed sword   [Unskilled]
   saber              [Unskilled]
   hammer             [Unskilled]
   quarterstaff       [Unskilled]
   polearms           [Unskilled]
   spear              [Basic]
   trident            [Unskilled]
   lance              [Unskilled]
   sling              [Unskilled]
 Spellcasting Skills
   attack spells      [Unskilled]
   escape spells      [Unskilled]

Voluntary challenges:
 Character rerolling was not enabled.
 You never genocided any monsters.
 You never polymorphed an object.
 You used no wishes.
Achievements:
 You entered the Gnomish Mines.
 You entered a shop.
 You attained the rank of Skirmisher.
 You entered Minetown.
 You entered a temple.
 You attained the rank of Fighter.

 The Dungeons of Doom: levels 1 to 8
    Level 1:
    Level 2:
       A weapon shop.
       Stairs down to The Gnomish Mines.
    Level 3:
       A general store.
    Level 4:
       A fountain.
    Level 5:
       A general store.
    Level 6:
       A fountain.
    Level 7:
    Level 8: <- You were here.
       Many fountains.
       Final resting place for
          you, poisoned by a rotted orc corpse.
 The Gnomish Mines: levels 3 to 7
    Level 3:
    Level 4:
    Level 5:
    Level 6:
       A temple and an altar, some fountains, a sink.
    Level 7:


Vanquished creatures:
  a large dog
  a dwarf ruler
  2 watchmen
  a crocodile
  4 giant spiders
  a gnome ruler
  a werewolf
  2 housecats
  a dust vortex
  4 human zombies
  6 bugbears
 an imp
  a quasit
  a water nymph
  a rock piercer
  a pony
  a fog cloud
  a yellow light
  6 gnome leaders
  3 gnomish wizards
  a gray ooze
 an elf zombie
  a ghoul
  2 straw golems
  a paper golem
  4 giant ants
  4 little dogs
  2 floating eyes
  2 kittens
  7 dwarves
  a homunculus
  3 kobold leaders
  2 kobold shamans
 23 hill orcs
  2 rothes
  a giant bat
  7 monkeys
  2 orc zombies
  5 dwarf zombies
  4 iguanas
 an acid blob
  6 coyotes
  4 gas spores
  4 hobbits
  2 large kobolds
 10 hobgoblins
  2 cave spiders
  a brown mold
  a red mold
 40 gnomes
 12 garter snakes
  a gnome zombie
  5 geckos
  7 jackals
  2 foxes
  6 kobolds
  8 goblins
  8 sewer rats
  5 grid bugs
  5 bats
  6 lichens
  2 kobold zombies
 13 newts
266 creatures vanquished.

No species were genocided or became extinct.

Game over:
                       ----------
                      /          \
                     /    REST    \
                    /      IN      \
                   /     PEACE      \
                  /                  \
                  |     7spoons      |
                  |       0 Au       |
                  |  poisoned by a   |
                  |    rotted orc    |
                  |      corpse      |
                  |                  |
                  |       2026       |
                 *|     *  *  *      | *
        _________)/\\_//(\/(/\)/\//\/|_)_______

Farvel 7spoons the Valkyrie...

You were poisoned in The Dungeons of Doom on dungeon level 8 with 6058 points,
and 0 pieces of gold, after 7762 moves.
You were level 8 with a maximum of 74 hit points when you were poisoned.

